3A
COLUMBIA RIVER RATS @ EUGENE VANDALS
08/31/2037
 
TOP OF THE 1ST
Columbia River Rats batting - Pitching for Eugene Vandals : RHP Akke van der Lee
Pitching: RHP Akke van der Lee
Batting: LHB Ji-e Loh 0-0: Swinging Strike
0-1: Ball
1-1: Ball
2-1: Ball
3-1: Base on Balls
Batting: RHB Tony Castellanos 0-0: Ball
1-0: Foul Ball, location: 2F
1-1: Foul Ball, location: 2F
1-2: Ball
2-2: Foul Ball, location: 2F
2-2: SINGLE (Line Drive, 9S, EV 90.6 MPH)
Ji-e Loh to second
Batting: RHB Cédric Causse 0-0: Reached on error, E8 (Line Drive, 8LD, EV 98.8 MPH)
Ji-e Loh scores
Tony Castellanos to third
Batting: RHB José García 0-0: Foul Ball, location: 2F
0-1: Ball
1-1: Foul Ball, location: 2F
1-2: Ball
2-2: Foul Ball, location: 2F
2-2: Foul Ball, location: 2F
2-2: Strikes out swinging
Batting: RHB Luis Romero 0-0: Ground out 4-3 (Groundball, 4, EV 83.8 MPH)
Tony Castellanos scores
Cédric Causse to third
Batting: RHB Pu-feng Zhou 0-0: Ball
1-0: Foul Ball, location: 2F
1-1: Ball
2-1: Called Strike
2-2: Ball
3-2: Strikes out swinging
Top of the 1st over - 2 runs, 1 hit, 1 error, 1 left on base; Columbia 2 - Eugene 0
BOTTOM OF THE 1ST
Eugene Vandals batting - Pitching for Columbia River Rats : RHP Vadim Rajnev
Pitching: RHP Vadim Rajnev
Batting: RHB Meshach Ashpenaz 0-0: Called Strike
0-1: Swinging Strike
0-2: Ball
1-2: Foul Ball, location: 2F
1-2: Strikes out swinging
Batting: RHB António Reyes 0-0: Ball
1-0: Fly out, F7 (Flyball, 7, EV 94.4 MPH)
Batting: RHB Myeong-keun Kim 0-0: Ball
1-0: Called Strike
1-1: Fly out, F8 (Flyball, 8LM, EV 81.2 MPH)
Bottom of the 1st over - 0 runs, 0 hits, 0 errors, 0 left on base; Columbia 2 - Eugene 0
TOP OF THE 2ND
Columbia River Rats batting - Pitching for Eugene Vandals : RHP Akke van der Lee
Batting: SHB Dean Barthorpe 0-0: Ball
1-0: Foul Ball, location: 2F
1-1: Swinging Strike
1-2: DOUBLE (Line Drive, 7LM, EV 98.8 MPH)
Batting: RHB Cleveland Kraut 0-0: Ground out 5-3 (Groundball, 56, EV 98.1 MPH)
Batting: RHB Francis Raffone 0-0: Called Strike
0-1: Foul Ball, location: 2F
0-2: Strikes out swinging
Batting: LHB Ji-e Loh 0-0: Ball
1-0: Called Strike
1-1: Foul Ball, location: 2F
1-2: Ball
2-2: Ball
3-2: Base on Balls
Batting: RHB Tony Castellanos 0-0: Ball
1-0: Ball
2-0: Foul Ball, location: 2F
2-1: Ball
3-1: Fly out, F8 (Line Drive, 8LM, EV 93.8 MPH)
Top of the 2nd over - 0 runs, 1 hit, 0 errors, 2 left on base; Columbia 2 - Eugene 0
BOTTOM OF THE 2ND
Eugene Vandals batting - Pitching for Columbia River Rats : RHP Vadim Rajnev
Batting: LHB Robby Sinor 0-0: Called Strike
0-1: Swinging Strike
0-2: Foul Ball, location: 2F
0-2: Strikes out looking
Batting: RHB Xiao-yong Chu 0-0: Ball
1-0: Swinging Strike
1-1: Foul Ball, location: 2F
1-2: Strikes out swinging
Batting: RHB Chico Custardoi 0-0: Foul Ball, location: 2F
0-1: Ground out 6-3 (Groundball, 6M, EV 78.1 MPH)
Bottom of the 2nd over - 0 runs, 0 hits, 0 errors, 0 left on base; Columbia 2 - Eugene 0
TOP OF THE 3RD
Columbia River Rats batting - Pitching for Eugene Vandals : RHP Akke van der Lee
Batting: RHB Cédric Causse 0-0: Ball
1-0: Swinging Strike
1-1: Foul Ball, location: 2F
1-2: Ball
2-2: Ball
3-2: Foul Ball, location: 2F
3-2: Foul Ball, location: 2F
3-2: Strikes out swinging
Batting: RHB José García 0-0: Ball
1-0: Ball
2-0: SINGLE (Groundball, 34D, EV 110.6 MPH)
Batting: RHB Luis Romero 0-0: Ball
1-0: Called Strike
1-1: Swinging Strike
1-2: Strikes out swinging
Batting: RHB Pu-feng Zhou 0-0: Swinging Strike
0-1: Swinging Strike
0-2: Ball
1-2: Fielders Choice at 2nd, U4 (Groundball, 4M, EV 86.2 MPH)
Top of the 3rd over - 0 runs, 1 hit, 0 errors, 1 left on base; Columbia 2 - Eugene 0
BOTTOM OF THE 3RD
Eugene Vandals batting - Pitching for Columbia River Rats : RHP Vadim Rajnev
Batting: LHB Arturo Gallago 0-0: Foul Ball, location: 2F
0-1: Ball
1-1: Fly out, F5 (Line Drive, 5, EV 72.5 MPH)
Batting: RHB Qian-fu Zhou 0-0: Called Strike
0-1: Fly out, F7 (Flyball, 7S, EV 76.2 MPH)
Batting: RHB Jorge Cruz 0-0: Ball
1-0: Ball
2-0: Foul Ball, location: 2F
2-1: Foul Ball, location: 2F
2-2: Foul Ball, location: 2F
2-2: Strikes out swinging
Bottom of the 3rd over - 0 runs, 0 hits, 0 errors, 0 left on base; Columbia 2 - Eugene 0
TOP OF THE 4TH
Columbia River Rats batting - Pitching for Eugene Vandals : RHP Akke van der Lee
Batting: SHB Dean Barthorpe 0-0: Called Strike
0-1: DOUBLE (Line Drive, 8LXD, EV 100.6 MPH)
Batting: RHB Cleveland Kraut 0-0: Foul Ball, location: 2F
0-1: Foul Ball, location: 2F
0-2: Ball
1-2: Ball
2-2: DOUBLE (Line Drive, 89XD, EV 110.0 MPH)
Dean Barthorpe scores
Batting: RHB Francis Raffone 0-0: Called Strike
0-1: Ball
1-1: Foul Ball, location: 2F
1-2: Ball
2-2: Ball
3-2: Fly out, F9 (Flyball, 9S, EV 88.8 MPH)
Batting: LHB Ji-e Loh 0-0: Foul Ball, location: 2F
0-1: Ball
1-1: Called Strike
1-2: Ball
2-2: Ground out 3-1 (Groundball, 3L, EV 98.1 MPH)
Cleveland Kraut to third
Batting: RHB Tony Castellanos 0-0: Ball
1-0: Ball
2-0: Called Strike
2-1: Foul Ball, location: 2F
2-2: Ball
3-2: Foul Ball, location: 2F
3-2: SINGLE (Line Drive, 56D, EV 96.2 MPH)
Cleveland Kraut scores
Batting: RHB Cédric Causse 0-0: Swinging Strike
0-1: DOUBLE (Line Drive, 9LS, EV 93.1 MPH)
Tony Castellanos to third
Runner from 3rd tries for Home, SAFE, no throw by RF
Batting: RHB José García 0-0: Fly out, F8 (Flyball, 8RS, EV 89.4 MPH)
Top of the 4th over - 3 runs, 4 hits, 0 errors, 1 left on base; Columbia 5 - Eugene 0
BOTTOM OF THE 4TH
Eugene Vandals batting - Pitching for Columbia River Rats : RHP Vadim Rajnev
Batting: RHB Meshach Ashpenaz 0-0: Called Strike
0-1: Swinging Strike
0-2: Ball
1-2: Foul Ball, location: 2F
1-2: Ball
2-2: Strikes out swinging
Batting: RHB António Reyes 0-0: Ball
1-0: Ball
2-0: Called Strike
2-1: Called Strike
2-2: Ball
3-2: Fly out, F9 (Flyball, 9LSF, EV 81.2 MPH)
Batting: RHB Myeong-keun Kim 0-0: Foul Ball, location: 2F
0-1: Ball
1-1: Foul Ball, location: 2F
1-2: Foul Ball, location: 2F
1-2: Ball
2-2: SINGLE (Line Drive, 8RS, EV 111.2 MPH)
Batting: LHB Robby Sinor 0-0: Called Strike
0-1: Ball
1-1: Foul Ball, location: 2F
1-2: Strikes out looking
Bottom of the 4th over - 0 runs, 1 hit, 0 errors, 1 left on base; Columbia 5 - Eugene 0
TOP OF THE 5TH
Columbia River Rats batting - Pitching for Eugene Vandals : RHP Akke van der Lee
Batting: RHB Luis Romero 0-0: Swinging Strike
0-1: Called Strike
0-2: Ground out 6-3 (Groundball, 6, EV 77.5 MPH)
Batting: RHB Pu-feng Zhou 0-0: Ball
1-0: Swinging Strike
1-1: SINGLE (Groundball, 6MD, EV 103.8 MPH)
Batting: SHB Dean Barthorpe 0-0: Ball
1-0: Swinging Strike
1-1: 2-RUN HOME RUN (Flyball, 89XD, EV 100.6 MPH), Distance : 451 ft
Pitching: LHP Ramón García
Batting: RHB Cleveland Kraut 0-0: Ball
1-0: Foul Ball, location: 2F
1-1: Reached via error on a dropped throw from P, E3 (Groundball, 25, EV 86.2 MPH)
Batting: RHB Francis Raffone 0-0: Ball
1-0: Swinging Strike
1-1: Swinging Strike
1-2: Foul Ball, location: 2F
1-2: Strikes out looking
Batting: LHB Ji-e Loh 0-0: Ball
1-0: SINGLE (Groundball, 56D, EV 100.0 MPH)
Cleveland Kraut to second
Batting: RHB Tony Castellanos 0-0: Fly out, F6 (Popup, 25, EV 90.6 MPH)
Top of the 5th over - 2 runs, 3 hits, 1 error, 2 left on base; Columbia 7 - Eugene 0
BOTTOM OF THE 5TH
Eugene Vandals batting - Pitching for Columbia River Rats : RHP Vadim Rajnev
Batting: RHB Xiao-yong Chu 0-0: Ball
1-0: Ball
2-0: Ball
3-0: Called Strike
3-1: DOUBLE (Flyball, 8LXD, EV 103.1 MPH)
Batting: RHB Chico Custardoi 0-0: Called Strike
0-1: Ball
1-1: Ball
2-1: Ball
3-1: Base on Balls
Batting: LHB Arturo Gallago 0-0: Called Strike
0-1: Ball
1-1: Grounds into double play, 6-4-3 (Groundball, 6, EV 87.5 MPH)
Xiao-yong Chu to third
Batting: RHB Qian-fu Zhou 0-0: Foul Ball, location: 2F
0-1: Swinging Strike
0-2: Strikes out swinging
Bottom of the 5th over - 0 runs, 1 hit, 0 errors, 1 left on base; Columbia 7 - Eugene 0
TOP OF THE 6TH
Columbia River Rats batting - Pitching for Eugene Vandals : LHP Ramón García
Batting: RHB Cédric Causse 0-0: Ball
1-0: Foul Ball, location: 2F
1-1: Ball
2-1: Foul Ball, location: 2F
2-2: Strikes out swinging
Batting: RHB José García 0-0: Called Strike
0-1: Ball
1-1: Called Strike
1-2: Ball
2-2: Ball
3-2: Ground out 5-3 (Groundball, 56, EV 83.8 MPH)
Batting: RHB Luis Romero 0-0: Ball
1-0: Foul Ball, location: 2F
1-1: Called Strike
1-2: Strikes out swinging
Top of the 6th over - 0 runs, 0 hits, 0 errors, 0 left on base; Columbia 7 - Eugene 0
BOTTOM OF THE 6TH
Eugene Vandals batting - Pitching for Columbia River Rats : RHP Vadim Rajnev
Batting: RHB Jorge Cruz 0-0: Ground out 6-3 (Groundball, 6, EV 85.6 MPH)
Batting: RHB Meshach Ashpenaz 0-0: Called Strike
0-1: Swinging Strike
0-2: Ball
1-2: Foul Ball, location: 2F
1-2: Ground out 5-3 (Groundball, 5, EV 105.0 MPH)
Batting: RHB António Reyes 0-0: Called Strike
0-1: Swinging Strike
0-2: Strikes out looking
Bottom of the 6th over - 0 runs, 0 hits, 0 errors, 0 left on base; Columbia 7 - Eugene 0
TOP OF THE 7TH
Columbia River Rats batting - Pitching for Eugene Vandals : LHP Ramón García
Batting: RHB Pu-feng Zhou 0-0: Fly out, F4 (Popup, 34, EV 58.1 MPH)
Batting: SHB Dean Barthorpe 0-0: Called Strike
0-1: Foul Ball, location: 2F
0-2: Hit by Pitch
Batting: RHB Cleveland Kraut 0-0: Ball
1-0: Ball
Wild Pitch!
Dean Barthorpe to second
2-0: Called Strike
2-1: Ground out 6-3 (Groundball, 6, EV 86.9 MPH)
Batting: RHB Francis Raffone 0-0: Called Strike
0-1: SINGLE (Line Drive, 6D, EV 103.1 MPH)
Dean Barthorpe to third
Batting: LHB Ji-e Loh 0-0: Ball
1-0: Foul Ball, location: 2F
1-1: SINGLE (Groundball, 4, EV 98.1 MPH) (infield hit)
Dean Barthorpe scores
Francis Raffone to second
Pinch Hitting: LHB Min-ho Yun 0-0: Fly out, F8 (Line Drive, 8LM, EV 95.0 MPH)
Top of the 7th over - 1 run, 2 hits, 0 errors, 2 left on base; Columbia 8 - Eugene 0
BOTTOM OF THE 7TH
Eugene Vandals batting - Pitching for Columbia River Rats : RHP Vadim Rajnev
Now at 2B: Min-ho Yun
Batting: RHB Myeong-keun Kim 0-0: DOUBLE (Line Drive, 9LS, EV 93.1 MPH)
Pinch Hitting: RHB Joe O'Toole 0-0: Called Strike
0-1: Ball
1-1: Called Strike
1-2: Foul Ball, location: 2F
1-2: Ball
2-2: Ball
3-2: Foul Ball, location: 2F
3-2: Foul Ball, location: 2F
3-2: Ground out 6-3 (Groundball, 6, EV 88.1 MPH)
Batting: RHB Xiao-yong Chu 0-0: Ball
1-0: Swinging Strike
1-1: Ground out 6-3 (Groundball, 6, EV 83.8 MPH)
Batting: RHB Chico Custardoi 0-0: Ball
1-0: Called Strike
1-1: Ball
2-1: Fly out, F9 (Line Drive, 9, EV 89.4 MPH)
Bottom of the 7th over - 0 runs, 1 hit, 0 errors, 1 left on base; Columbia 8 - Eugene 0
TOP OF THE 8TH
Columbia River Rats batting - Pitching for Eugene Vandals : LHP Ramón García
Now in LF: Joe O'Toole
Pinch Hitting: LHB Ramón Fernández 0-0: Foul Ball, location: 2F
0-1: Called Strike
0-2: Ball
1-2: Ball
2-2: Strikes out swinging
Batting: RHB José García 0-0: Ball
1-0: Ball
2-0: Ball
3-0: Base on Balls
Pinch Hitting: LHB Phillam Torralba 0-0: Called Strike
0-1: Ball
1-1: Ball
2-1: Swinging Strike
2-2: Foul Ball, location: 2F
2-2: Foul Ball, location: 2F
2-2: SINGLE (Groundball, 25, EV 61.9 MPH) (infield hit)
José García to second
Batting: RHB Pu-feng Zhou 0-0: Called Strike
0-1: Ball
1-1: Ball
2-1: SINGLE (Line Drive, 78M, EV 90.6 MPH)
José García to third
Phillam Torralba to second
Runner from 3rd tries for Home, SAFE, throw by LF to home
Batting: SHB Dean Barthorpe 0-0: Swinging Strike
0-1: Ball
1-1: Swinging Strike
1-2: Strikes out swinging
Batting: RHB Cleveland Kraut 0-0: Ball
1-0: Ball
2-0: Fly out, F9 (Flyball, 9, EV 81.9 MPH)
Top of the 8th over - 1 run, 2 hits, 0 errors, 2 left on base; Columbia 9 - Eugene 0
BOTTOM OF THE 8TH
Eugene Vandals batting - Pitching for Columbia River Rats : RHP Vadim Rajnev
Now in LF: Ramón Fernández
Now in RF: Phillam Torralba
Batting: LHB Arturo Gallago 0-0: Ground out 4-3 (Groundball, 4, EV 98.1 MPH)
Batting: RHB Qian-fu Zhou 0-0: Ball
1-0: Ground out 6-3 (Groundball, 6, EV 83.1 MPH)
Batting: RHB Jorge Cruz 0-0: Called Strike
0-1: Swinging Strike
0-2: Strikes out swinging
Bottom of the 8th over - 0 runs, 0 hits, 0 errors, 0 left on base; Columbia 9 - Eugene 0
TOP OF THE 9TH
Columbia River Rats batting - Pitching for Eugene Vandals : LHP Ramón García
Batting: RHB Francis Raffone 0-0: Foul Ball, location: 2F
0-1: Called Strike
0-2: Ball
1-2: Ball
2-2: Ball
3-2: Ground out 4-3 (Groundball, 4, EV 103.1 MPH)
Batting: LHB Ji-e Loh 0-0: Called Strike
0-1: SOLO HOME RUN (Flyball, 89XD, EV 110.0 MPH), Distance : 437 ft
Batting: LHB Min-ho Yun 0-0: Called Strike
0-1: Ground out 4-3 (Groundball, 4, EV 105.6 MPH)
Pinch Hitting: LHB Seb Considine 0-0: Ball
1-0: Called Strike
1-1: Ball
2-1: Ground out 4-3 (Groundball, 34D, EV 86.9 MPH)
Top of the 9th over - 1 run, 1 hit, 0 errors, 0 left on base; Columbia 10 - Eugene 0
BOTTOM OF THE 9TH
Eugene Vandals batting - Pitching for Columbia River Rats : RHP Vadim Rajnev
Pitching: LHP David Fuentes
Now in LF: Seb Considine
Batting: RHB Meshach Ashpenaz 0-0: Ball
1-0: Ground out 6-3 (Groundball, 6, EV 81.9 MPH)
Batting: RHB António Reyes 0-0: Ball
1-0: Called Strike
1-1: Ball
2-1: Foul Ball, location: 2F
2-2: Fly out, F9 (Flyball, 9S, EV 88.8 MPH)
Batting: RHB Myeong-keun Kim 0-0: Called Strike
0-1: Ball
1-1: Ball
2-1: Foul Ball, location: 2F
2-2: Foul Ball, location: 2F
2-2: Foul Ball, location: 2F
2-2: Fly out, F8 (Line Drive, 8LM, EV 90.0 MPH)
Bottom of the 9th over - 0 runs, 0 hits, 0 errors, 0 left on base; Columbia 10 - Eugene 0
Thursday, January 23rd, 2020 - OOTP Baseball 20.8 Build 74